 Dungeon Crawl Stone Soup version 0.26.1-10-gdfb7c7de75 (webtiles) character file.

Game seed: 5477378381428277693

16076 tardwrangler69 the Cleaver (level 12, -3/110 HPs)
             Began as a Minotaur Fighter on Apr 3, 2021.
             Was a Follower of Uskayaw.
             Killed from afar by Frances (30 damage)
             ... with an iron shot
             ... on level 13 of the Dungeon.
             The game lasted 00:12:57 (14766 turns).

tardwrangler69 the Cleaver (Minotaur Fighter)      Turns: 14766, Time: 00:12:57

Health: -3/110     AC: 22    Str: 26    XL:     12   Next: 6%
Magic:  2/11       EV:  7    Int:  9    God:    Uskayaw [*.....]
Gold:   596        SH: 13    Dex: 15    Spells: 11/11 levels left

rFire    + . .     SeeInvis .   a - +0 war axe
rCold    x . .     Faith    .   c - +0 kite shield
rNeg     . . .     Spirit   .   E - +0 plate armour
rPois    .         Reflect  .   (helmet restricted)
rElec    .         Harm     .   (no cloak)
rCorr    +         Rampage  .   H - +2 pair of gloves
Will     .....                  e - +2 pair of boots
Stlth    ..........             x - amulet of the acrobat
HPRegen  0.28/turn              D - ring of resist corrosion
MPRegen  0.12/turn              t - ring "Kibanauq" {Fire Int+4 Dex+5}

@: no status effects
A: retaliatory headbutt, horns 2
a: Renounce Religion, Stomp


You were on level 13 of the Dungeon.
You worshipped Uskayaw.
Uskayaw was noncommittal.
You visited 2 branches of the dungeon, and saw 14 of its levels.

You collected 638 gold pieces.
You spent 42 gold pieces at shops.

Inventory:

Hand Weapons
 a - a +0 war axe (weapon)
Missiles
 k - 8 javelins (quivered)
 K - 4 silver javelins
Armour
 c - a +0 kite shield (worn)
 e - a +2 pair of boots (worn)
 g - a +2 scale mail of cold resistance
 E - a +0 plate armour (worn)
 H - a +2 pair of gloves (worn)
Jewellery
 t - the ring "Kibanauq" (right hand) {Fire Int+4 Dex+5}
   (You found it on level 9 of the Dungeon)

   [ring of fire]

   It enhances your fire magic.
   It affects your intelligence (+4).
   It affects your dexterity (+5).
   It protects you from fire.
   It makes you vulnerable to cold.
 x - an amulet of the acrobat (around neck)
 D - a ring of resist corrosion (left hand)
 N - a +4 ring of evasion {unknown}
Wands
 f - a wand of flame (15)
 s - a wand of disintegration (14)
 u - a wand of iceblast (10)
 v - a wand of enslavement (10)
 w - a wand of paralysis (33)
 z - a wand of acid (17)
 I - a wand of polymorph (12)
Scrolls
 d - a scroll of silence {unknown}
 i - 5 scrolls of remove curse
 j - 10 scrolls of identify
 l - 6 scrolls of enchant armour
 m - 5 scrolls of magic mapping
 q - 2 scrolls of fear
 r - 2 scrolls of teleportation
 y - 2 scrolls of blinking
 G - 4 scrolls of enchant weapon {unknown}
 M - a scroll of summoning {unknown}
Potions
 b - a potion of haste {unknown}
 h - 5 potions of curing
 n - 4 potions of flight {unknown}
 o - 2 potions of lignification {unknown}
 p - 3 potions of berserk rage {unknown}
 A - 4 potions of brilliance {unknown}
 B - 2 potions of mutation {unknown}
 C - 3 potions of heal wounds {unknown}
 F - 2 potions of degeneration {unknown}
 J - a potion of invisibility {unknown}
 L - a potion of magic {unknown}


   Skills:
 + Level 11.1 Fighting
 * Level 14.5 Axes
 + Level 11.1 Armour
 + Level 11.1 Shields


You had 11 spell levels left.
You didn't know any spells.
Your spell library contained the following spells:

 Spells                   Type           Power        Failure   Level
 Apportation              Tloc           0%           99%         1
 Magic Dart               Conj           0%           99%         1
 Shock                    Conj/Air       0%           99%         1
 Blink                    Tloc           N/A          100%        2
 Call Imp                 Summ           0%           100%        2
 Slow                     Hex            0%           100%        2
 Swiftness                Air            0%           100%        2
 Confusing Touch          Hex            0%           100%        3
 Conjure Flame            Conj/Fire      0%           100%        3
 Gell's Gravitas          Tloc           0%           100%        3
 Lesser Beckoning         Tloc           0%           100%        3
 Mephitic Cloud           Conj/Pois/Air  0%           100%        3
 Static Discharge         Conj/Air       0%           100%        3
 Tukima's Dance           Hex            0%           100%        3
 Airstrike                Air            0%           100%        4
 Petrify                  Tmut/Erth      0%           100%        4
 Alistair's Intoxication  Tmut/Pois      0%           100%        5
 Bolt of Magma            Conj/Fire/Erth 0%           100%        5
 Iskenderun's Battlesphe  Conj           0%           100%        5
 Lightning Bolt           Conj/Air       0%           100%        5
 Metabolic Englaciation   Hex/Ice        0%           100%        5
 Yara's Violent Unravell  Hex/Tmut       0%           100%        5
 Invisibility             Hex            0%           100%        6
 Iron Shot                Conj/Erth      0%           100%        6
 Orb of Destruction       Conj           0%           100%        7
 Spellforged Servitor     Conj/Summ      0%           100%        7


Dungeon Overview and Level Annotations

Branches:
Dungeon (13/15)            Temple (1/1) D:5            Lair (0/6) D:9
    Orc (0/2) D:12         Vaults (0/5) D:13

Altars:
Ashenzari
Cheibriados
Dithmenos
Elyvilon
Fedhas
Gozag
Hepliaklqana
Kikubaaqudgha
Makhleb
Nemelex Xobeh
Okawaru
Qazlal
Ru
Sif Muna
Trog
Uskayaw
Vehumet
Wu Jian
Xom
Yredelemnul
Zin
The Shining One
Beogh

Shops:
D:5 [   D:9 *   D:11 ?

Annotations:
D:3 1 runed translucent door, om's ghost, amateur MiBe
D:13 Frances


Innate Abilities, Weirdness & Mutations

You reflexively headbutt those who attack you in melee.
You have a pair of horns on your head.


Message History

The hellwing is almost dead.
Frances is almost dead.
The hellwing is severely wounded.
Frances hits you but does no damage. You block the red devil's attack.
You block the hellwing's attack.
The hellwing hits you but does no damage.
You block the hellwing's attack.
The hellwing hits you but does no damage.
You barely miss Frances. You headbutt Frances.
Frances is almost dead.
You hit the hellwing but do no damage. You hit the hellwing.
You block Frances's attack.
You barely miss Frances.
Frances is almost dead.
You completely miss the hellwing. You closely miss the hellwing.
You block the hellwing's attack. x2
The red devil hits you from afar with a +0 trident.
* * * LOW HITPOINT WARNING * * *
Frances whispers indecipherable words.
The iron shot hits you!!
You die...

#... ..4 ##.....##
#..#..3.# ##.# ....# #
###..# #...## #
#....## ....# #
......##44###...## #
.#### ##@.##....#
##@.#....########
##4.#..........#
##............##
#########............#
#.....................
#.#######.............
#.# #............. #.#
##............


You could see Frances (fast), 2 hellwings and a red devil (summoned).

Vanquished Creatures
  A boulder beetle (D:11)
  Erica (D:10)
  A two-headed ogre (D:9)
  2 dancing weapons (D:13)
  An orc knight (D:12)
  Pikel (D:7)
  An ugly thing (D:13)
  2 cyclopes
  2 manticores
  3 komodo dragons
  Grinder (D:6)
  2 slime creatures
  A shadow (D:12)
  A vampire (D:9)
  A wyvern (D:6)
  A basilisk (D:13)
  12 yaks
  A wraith (D:13)
  A steam dragon (D:12)
  3 black bears
  3 ice beasts
  3 phantoms
  3 sky beasts
  7 orc warriors
  6 ogres
  An eye of draining (D:11)
  3 centaurs
  A wyvern zombie (D:9)
  5 bullfrogs
  A gnoll sergeant (D:9)
  A wyvern skeleton (D:6)
  A water moccasin zombie (D:7)
  3 scorpions
  10 killer bees
  10 wights (D:12)
  4 howler monkeys
  A quasit (D:9)
  11 orc priests
  4 hounds
  6 jellies
  A bullfrog zombie (D:12)
  3 centaur skeletons
  9 orc wizards
  Ijyb (D:4)
  2 iguanas
  5 worker ants
  A hound zombie (D:7)
  A hound skeleton (D:5)
  A howler monkey zombie (D:5)
  A worker ant zombie (D:5)
  12 adders
  9 gnolls
  4 white imps
  16 oozes
  An adder zombie (D:5)
  2 adder skeletons
  7 worms
  3 dart slugs
  5 leopard geckos
  70 orcs
  6 bats
  3 giant cockroaches
  6 goblins
  5 hobgoblins
  6 jackals
  6 kobolds
  10 quokkas
  6 frilled lizards
  A jackal skeleton (D:8)
  A leopard gecko zombie (D:8)
  11 rats
338 creatures vanquished.

Vanquished Creatures (others)
  An orc wizard (D:5)
  8 fungi (D:6)
  35 plants
44 creatures vanquished.

Grand Total: 382 creatures vanquished

Notes
Turn   | Place    | Note
-------+----------+-------------------------------------------
     0 | D:1      | tardwrangler69 the Minotaur Fighter began the quest for the
                  | Orb.
     0 | D:1      | Reached XP level 1. HP: 19/19 MP: 0/0
   139 | D:1      | Reached XP level 2. HP: 27/27 MP: 1/1
   232 | D:1      | Reached skill level 3 in Axes
   391 | D:1      | Reached XP level 3. HP: 33/33 MP: 2/2
   729 | D:2      | Found a stormy altar of Qazlal.
   777 | D:2      | Reached XP level 4. HP: 25/40 MP: 3/3
   940 | D:2      | Reached skill level 4 in Axes
  1784 | D:3      | Reached XP level 5. HP: 46/47 MP: 4/4
  1840 | D:3      | Found a runed translucent door.
  1840 | D:3      | Noticed om's ghost (amateur MiBe)
  1891 | D:3      | Found a sacrificial altar of Ru.
  2606 | D:3      | Reached skill level 5 in Axes
  2837 | D:4      | Noticed Ijyb
  2844 | D:4      | Killed Ijyb
  2920 | D:4      | Paralysed by an orc priest for 4 turns
  2925 | D:4      | Reached XP level 6. HP: 45/55 MP: 5/5
  2930 | D:4      | Reached skill level 5 in Armour
  2930 | D:4      | Reached skill level 5 in Shields
  3120 | D:4      | Reached skill level 5 in Fighting
  3354 | D:4      | Found a sparkling altar of Nemelex Xobeh.
  3725 | D:5      | Entered Level 5 of the Dungeon
  3754 | D:5      | Noticed a sky beast
  3770 | D:5      | Killed a sky beast
  3771 | D:5      | Reached skill level 6 in Axes
  3771 | D:5      | Reached XP level 7. HP: 56/61 MP: 6/6
  3830 | D:5      | Found a staircase to the Ecumenical Temple.
  3879 | Temple   | Entered the Ecumenical Temple
  4139 | Temple   | Became a worshipper of Uskayaw the Reveller
  4249 | D:5      | Reached * piety under Uskayaw
  4256 | D:5      | Reached ** piety under Uskayaw
  4394 | D:5      | Reached skill level 7 in Axes
  4413 | D:5      | Found Xodeyll's Armour Boutique.
  4651 | D:5      | Found a bloodstained altar of Trog.
  5015 | D:6      | Reached *** piety under Uskayaw
  5016 | D:6      | Reached **** piety under Uskayaw
  5017 | D:6      | Reached XP level 8. HP: 68/70 MP: 7/7
  5108 | D:6      | Found a blossoming altar of Fedhas.
  5222 | D:6      | Reached ***** piety under Uskayaw
  5224 | D:6      | Reached skill level 8 in Axes
  5247 | D:6      | Reached ****** piety under Uskayaw
  5261 | D:6      | Noticed a slime creature
  5282 | D:6      | Killed a slime creature
  5305 | D:6      | Reached skill level 9 in Axes
  5874 | D:6      | Found a white marble altar of Elyvilon.
  5918 | D:6      | Noticed Grinder
  5919 | D:6      | Paralysed by Grinder for 4 turns
  5928 | D:6      | Paralysed by Grinder for 2 turns
  5936 | D:6      | Killed Grinder
  5937 | D:6      | Reached XP level 9. HP: 58/79 MP: 8/8
  6053 | D:7      | Found a broken altar of Ashenzari.
  6550 | D:7      | Reached skill level 10 in Axes
  6824 | D:7      | Noticed Pikel
  6834 | D:7      | Killed Pikel
  7361 | D:8      | Found an opulent altar of Gozag.
  7460 | D:8      | Reached skill level 11 in Axes
  7578 | D:8      | Found a sparkling altar of Nemelex Xobeh.
  7656 | D:8      | Found a snail-covered altar of Cheibriados.
  7669 | D:8      | Reached XP level 10. HP: 83/90 MP: 9/9
  7974 | D:9      | Found a blossoming altar of Fedhas.
  7983 | D:9      | Noticed a two-headed ogre
  7992 | D:9      | Killed a two-headed ogre
  8169 | D:9      | Found Kugoy's General Store.
  8187 | D:9      | Reached skill level 12 in Axes
  8493 | D:9      | Got a coiled tin ring
  8531 | D:9      | Found a snail-covered altar of Cheibriados.
  8593 | D:9      | Found a staircase to the Lair.
  9421 | D:9      | Identified the ring "Kibanauq" {Fire Int+4 Dex+5} (You
                  | found it on level 9 of the Dungeon)
  9450 | D:10     | Entered Level 10 of the Dungeon
  9779 | D:10     | Noticed Erica
  9792 | D:10     | Killed Erica
  9793 | D:10     | Reached XP level 11. HP: 97/99 MP: 10/10
 10400 | D:11     | Noticed a boulder beetle
 10427 | D:11     | Killed a boulder beetle
 10428 | D:11     | Reached skill level 10 in Fighting
 10428 | D:11     | Reached skill level 13 in Axes
 10428 | D:11     | Reached skill level 10 in Armour
 10428 | D:11     | Reached skill level 10 in Shields
 10874 | D:11     | Found Huny's Magic Scroll Shoppe.
 10883 | D:11     | Bought a scroll of teleportation for 42 gold pieces
 11432 | D:11     | Noticed a boulder beetle
 11931 | D:12     | Found an iron altar of Okawaru.
 12445 | D:12     | Noticed an orc knight
 12476 | D:12     | Killed an orc knight
 12511 | D:12     | Found a roughly hewn altar of Beogh.
 12511 | D:12     | Found a staircase to the Orcish Mines.
 13006 | D:12     | Reached skill level 14 in Axes
 13850 | D:13     | Noticed a white ugly thing
 13869 | D:13     | Killed a white ugly thing
 14240 | D:13     | Noticed a +2 long sword
 14241 | D:13     | Found a gate to the Vaults.
 14242 | D:13     | Noticed a +6 long sword
 14524 | D:13     | Killed a +6 long sword
 14525 | D:13     | Reached XP level 12. HP: 95/110 MP: 11/11
 14737 | D:13     | Noticed Frances
 14766 | D:13     | Killed from afar by Frances

Illustrated notes

Levels and vault maps discovered:
D:1:      ebering_hopf_link, layout_loops_ring,
          hangedman_abyss_or_decor_lesser_grid, minmay_cut_off
D:2:      layout_basic, grunt_qazlal_sundering
D:3:      layout_loops_ring, nicolae_ru_the_path_less_chosen,
          gammafunk_ghost_grave, chequers_big_river
D:4:      layout_basic, minmay_misc_feat_plants, nemelex_dance_club_becter,
          uniq_ijyb
D:5:      layout_loops_cross, lightli_temple_of_fire,
          minmay_temple_entry_proselytizer, serial_shops,
          nicolae_shop_statue_plus, minmay_manual_monstrance
D:6:      lemuel_slime, layout_rooms, lemuel_doored_altar,
          minmay_misc_feat_five, fedhas_altar_1, uniq_grinder
D:7:      layout_loops_ring, lemuel_crystal_altar, kennysheep_doodads,
          uniq_pikel
D:8:      layout_cave_pools, nicolae_overflow_hidden_temple, basic_altar,
          nicolae_gozag_seed_capital
D:9:      layout_roguey, cheibriados_altar_1, nicolae_overflow_crystal_walls,
          david_lair_shrubbed, serial_shops, shop
D:10:     layout_roguey, uniq_erica
D:11:     layout_basic, serial_shops, nicolae_shop_statue_plus
D:12:     layout_loops_corners, david_orc_5, okawaru_ov_weapons_minmay
D:13:     layout_cave_pods, erik_vaults_1, uniq_frances
Temple:   eino_wide_crystal_templ

Skill      XL: |  1  2  3  4  5  6  7  8  9 10 11 |
---------------+----------------------------------+-----
Axes           | 3 4 5 6 7 9 11 12 14 | 14.5
Fighting       | 4 5 6 7 8 9 11 | 11.1
Shields        | 4 5 6 7 8 9 11 | 11.1
Armour         | 4 5 6 7 8 9 11 | 11.1

Action                   |  1- 3 |  4- 6 |  7- 9 | 10-12 || total
-------------------------+-------+-------+-------+-------++-------
Melee: War axe           |    52 |   174 |   334 |   447 ||  1007
       Headbutt          |     8 |    30 |    63 |   117 ||   218
Invok: Stomp             |       |       |       |     6 ||     6
  Use: Scroll            |     1 |     6 |     3 |     4 ||    14
       Potion            |       |       |     2 |     1 ||     3
 Stab: Paralysed         |       |       |    12 |    40 ||    52
Armor: Scale mail        |    27 |    68 |   125 |       ||   220
       Plate armour      |       |       |    32 |   202 ||   234
Dodge: Dodged            |    17 |    26 |    79 |   102 ||   224
Block: Kite shield       |    28 |    74 |   145 |   248 ||   495
